 Dungeon Crawl Stone Soup version 0.28.0-53-g5a82cb258f (webtiles) character file.

Game seed: 7682036955865549468

75 DocClef the Skirmisher (level 4, -3/40 HPs)
             Began as a Draconian Fighter on June 15, 2022.
             Killed by divine providence
             ... invoked by an orc priest
              (14 damage)
             ... on level 3 of the Dungeon.
             The game lasted 00:02:22 (1959 turns).

DocClef the Skirmisher (Draconian Fighter)          Turns: 1959, Time: 00:02:22

Health: -3/40      AC:  5    Str: 20    XL:     4   Next: 11%
Magic:  4/4        EV: 12    Int:  9    God:
Gold:   51         SH:  4    Dex: 12    Spells: 3/3 levels left

rFire   . . .      SeeInvis .   a - +0 war axe
rCold   . . .      Faith    .   b - +0 buckler
rNeg    . . .      Spirit   .   (armour unavailable)
rPois   +          Reflect  .   (helmet restricted)
rElec   .          Harm     .   (no cloak)
rCorr   .          Rampage  .   (no gloves)
Will    .....      Rnd*Tele +   (no boots)
Stlth   +.........              (no amulet)
HPRegen 0.13/turn               j - ring of poison resistance
MPRegen 0.09/turn               (no ring)

@: no status effects
A: AC +5, unfitting armour, cold-blooded, agile 1, teleportitis 1
a: no special abilities


You were on level 3 of the Dungeon.
You visited 1 branch of the dungeon, and saw 3 of its levels.

You collected 51 gold pieces.

Inventory:

Hand Weapons
 a - a +0 war axe (weapon)
Missiles
 f - 6 atropa-tipped darts (quivered)
Armour
 b - a +0 buckler (worn)
Jewellery
 j - a ring of poison resistance (left hand)
Potions
 c - a potion of might
 d - a potion of heal wounds
 e - 2 potions of curing
 i - a potion of lignification


   Skills:
 + Level 4.2 Fighting
 + Level 3.7 Axes
 - Level 2.6 Dodging
 - Level 3.0 Shields


You had 3 spell levels left.
You didn't know any spells.
Your spell library was empty.

Dungeon Overview and Level Annotations

Branches:
Dungeon (3/15)

Altars:

Shops:
D:1 **


Innate Abilities, Weirdness & Mutations

Your plain brown scales are hard. (AC +5)
You cannot fit into any form of body armour.
You are cold-blooded and may be slowed by cold attacks.
You are agile. (Dex +2)
You are occasionally teleported next to monsters.


Message History

The orc wizard closely misses you.
You hit the orc priest but do no damage.
The orc priest is heavily wounded.
You completely miss the orc wizard. You slash the necrophage!
The necrophage closely misses you. The orc priest barely misses you.
The orc wizard hits you but does no damage.
The necrophage hits you but does no damage.
You hit the orc priest.
The orc priest is almost dead.
You hit the necrophage but do no damage.
You hit the orc wizard.
The orc priest miscasts a cantrip.
The orc wizard hits you but does no damage.
You block the necrophage's attack.
You barely miss the orc priest.
The orc priest is almost dead.
You completely miss the necrophage. You closely miss the orc wizard.
The orc priest hits you but does no damage.
The orc wizard hits you with a +0 dagger.
The necrophage barely misses you.
The orc priest calls down the wrath of Beogh upon you.
Pain shoots through your body!
* * * LOW HITPOINT WARNING * * *
The orc wizard hits you but does no damage.
You are too injured to fight recklessly!
You are too injured to fight recklessly!
You closely miss the orc priest.
The orc priest is almost dead.
You hit the orc wizard but do no damage.
You hit the necrophage but do no damage.
You block the necrophage's attack. You block the orc priest's attack.
The orc wizard hits you with a +0 dagger.
* * * LOW HITPOINT WARNING * * *
You block the necrophage's attack.
You hit the orc priest but do no damage.
The orc priest is almost dead.
You slash the orc wizard! You barely miss the necrophage.
The orc priest mumbles some strange prayers to Beogh against you.
Beogh smites you!
You die...

##### ....##
#####...##
......o)o#######
#..)@........
#...n<######
........##
##.##.(.. #
#...P #...P.
#...P. #<..P.P
....


You could see a necrophage, an orc priest and an orc wizard.

Vanquished Creatures
  An adder (D:2)
  3 worms (D:2)
  A dart slug (D:1)
  5 orcs
  4 endoplasms
  3 giant cockroaches
  2 goblins
  6 hobgoblins
  6 kobolds
  7 ball pythons
  4 bats
  3 frilled lizards
  5 rats
50 creatures vanquished.

Notes
Turn   | Place    | Note
-------+----------+-------------------------------------------
     0 | D:1      | DocClef the Draconian Fighter began the quest for the Orb.
     0 | D:1      | Reached XP level 1. HP: 19/19 MP: 1/1
   412 | D:1      | Reached XP level 2. HP: 27/27 MP: 2/2
   756 | D:1      | Reached skill level 4 in Fighting
   801 | D:1      | Found Guwk's Assorted Antiques.
   844 | D:1      | Found Roustrerul's Assorted Antiques.
  1016 | D:2      | Reached XP level 3. HP: 28/33 MP: 3/3
  1552 | D:2      | Found a faded altar of an unknown god.
  1552 | D:2      | Noticed a shining eye
  1556 | D:2      | Noticed a shining eye
  1556 | D:2      | Noticed a great orb of eyes
  1556 | D:2      | Noticed a floating eye
  1678 | D:2      | Reached XP level 4. HP: 33/40 MP: 4/4
  1904 | D:2      | Gained mutation: You are occasionally teleported next to
                  | monsters. [potion of mutation]
  1904 | D:2      | Gained mutation: You are agile. (Dex +2) [potion of
                  | mutation]
  1947 | D:3      | Noticed a necrophage
  1959 | D:3      | Killed from afar by an orc priest

Illustrated notes

Levels and vault maps discovered:
D:1:      minmay_arrival_semitransparent, layout_loops_cross, serial_shops,
          nicolae_shop_trees, nicolae_lakefront_shop
D:2:      layout_rooms, hellmonk_ecumenical_altar_watching_god
D:3:      layout_loops_ring, mainiacjoe_overflow_cross_hatched, serial_shops,
          nicolae_shop_stone, grunt_decor_junction

Skill      XL: |  1  2  3 |
---------------+----------+-----
Fighting       | 4 |  4.2
Axes           | 3 |  3.7
Dodging        | |  2.6
Shields        | |  3.0

Action                   |  1- 3 |  4- 6 || total
-------------------------+-------+-------++-------
Melee: War axe           |   126 |    19 ||   145
       Tailslap          |    17 |     3 ||    20
  Use: Potion            |       |     4 ||     4
       Scroll            |       |     2 ||     2
Armor: Skin              |    51 |    11 ||    62
Dodge: Dodged            |    77 |    16 ||    93
Block: Buckler           |    27 |     9 ||    36
